 Dungeon Crawl Stone Soup version 0.26.1-2-gb8aa6d0cf2 (webtiles) character file.

Game seed: 3758565724073677142

5640 jlumianski the Cleaver (level 10, 0/92 HPs)
             Began as a Palentonga Fighter on Feb 27, 2021.
             Was a Priest of Okawaru.
             Slain by a gargoyle
             ... wielding a +0 dire flail
              (14 damage)
             ... on level 9 of the Dungeon.
             The game lasted 00:37:51 (8598 turns).

jlumianski the Cleaver (Palentonga Fighter)         Turns: 8598, Time: 00:37:51

Health: 0/92       AC: 19    Str: 22    XL:     10   Next: 46%
Magic:  10/10      EV: 11    Int:  8    God:    Okawaru [***...]
Gold:   350        SH: 10    Dex: 11    Spells: 9/9 levels left

rFire    . . .     SeeInvis +   H - +2 war axe (drain)
rCold    . . .     Faith    .   c - +0 kite shield
rNeg     . . .     Spirit   .   G - +3 scale mail {Will+}
rPois    .         Reflect  .   p - +0 helmet
rElec    .         Harm     .   (no cloak)
rCorr    .         Rampage  .   L - +0 pair of gloves
Will     +....                  (no barding)
Stlth    ..........             (no amulet)
HPRegen  0.25/turn              o - +4 ring of slaying
MPRegen  0.12/turn              P - +4 ring of evasion

@: curled up
A: large, rugged brown scales 3, see invisible, deformed body, roll 1, armoured
tail, reflexive curl
a: Rolling Charge, Renounce Religion, Heroism


You were on level 9 of the Dungeon.
You worshipped Okawaru.
Okawaru was most pleased with you.
You visited 1 branch of the dungeon, and saw 10 of its levels.
You also visited: Sewer.

You collected 645 gold pieces.
You spent 295 gold pieces at shops.

Inventory:

Hand Weapons
 a - a +1 war axe
 r - a +0 mace of protection
 D - a +1 whip of electrocution
 H - a +2 war axe of draining (weapon)
 Q - a cursed -2 war axe
Missiles
 f - 297 stones
 u - 19 boomerangs (quivered)
 M - 2 poisoned darts
Armour
 b - a +0 scale mail
 c - a +0 kite shield (worn)
 p - a +0 helmet (worn)
 E - a +0 chain mail
 F - a +1 hat
 G - a +3 scale mail of willpower (worn)
 I - +0 acid dragon scales
 L - a +0 pair of gloves (worn)
Jewellery
 o - a +4 ring of slaying (left hand)
 P - a +4 ring of evasion (right hand)
Wands
 x - a wand of random effects (16)
 y - a wand of polymorph (8)
 A - a wand of acid (9)
 J - a wand of paralysis (24)
 K - a wand of iceblast (4)
Scrolls
 e - 7 scrolls of identify
 h - 8 scrolls of remove curse
 j - a scroll of enchant weapon
 s - 4 scrolls of teleportation
 v - a scroll of fog
 C - 2 scrolls of blinking
 N - a scroll of immolation {unknown}
 O - a scroll of noise {unknown}
 R - 2 scrolls of enchant armour {unknown}
 S - a scroll of magic mapping
 T - a scroll of vulnerability {unknown}
Potions
 d - a potion of might
 g - 5 potions of flight
 i - 6 potions of haste
 k - a potion of heal wounds
 l - 5 potions of curing
 m - a potion of lignification {unknown}
 n - a potion of cancellation {unknown}
 q - 2 potions of ambrosia
 t - a potion of attraction {unknown}
 w - a potion of resistance {unknown}
 z - a potion of mutation {unknown}
 B - a potion of berserk rage {unknown}


   Skills:
 + Level 7.5 Fighting
 + Level 10.6 Axes
 + Level 1.2(6.8) Maces & Flails
 + Level 1.9 Throwing
 + Level 5.4 Armour
 + Level 2.5 Dodging
 + Level 0.6 Stealth
 + Level 5.2 Shields
 + Level 0.1 Evocations


You had 9 spell levels left.
You didn't know any spells.
Your spell library contained the following spells:

 Spells                   Type           Power        Failure   Level
 Corona                   Hex            0%           94%         1
 Freeze                   Ice            0%           94%         1
 Ensorcelled Hibernation  Hex/Ice        0%           98%         2
 Confusing Touch          Hex            0%           100%        3
 Dazzling Flash           Conj/Hex       0%           100%        3
 Frozen Ramparts          Ice            0%           100%        3
 Ozocubu's Armour         Ice            0%           100%        3
 Tukima's Dance           Hex            0%           100%        3
 Hailstorm                Conj/Ice       0%           100%        4
 Summon Ice Beast         Ice/Summ       0%           100%        4


Dungeon Overview and Level Annotations

Branches:
Dungeon (10/15)            Temple (0/1) D:6            Lair (0/6) D:8
  Sewer (visited)
    Orc: D:9-12

Altars:
Cheibriados
Fedhas
Gozag
Kikubaaqudgha
Okawaru
Qazlal
Ru
Uskayaw
Yredelemnul
Zin
The Shining One

Shops:
D:6 [   D:7 [

Annotations:
D:2 1 runed translucent door, Crazy Yiuf
D:4 Natasha
D:7 3 runed translucent doors, Zdeegee's ghost, novice OpEE


Innate Abilities, Weirdness & Mutations

You are completely covered in rugged brown scales. (AC +3, +7% HP)
You have supernaturally acute eyesight. (SInv)
Armour fits poorly on your strangely shaped body.
You can roll at nearby foes to attack.
You have a long armoured tail.
You curl defensively after being hit.


Message History

You roll forward with a clatter of scales!
You closely miss the gargoyle.
You tail-slap the gargoyle, but do no damage.
The gargoyle hurls a stone arrow at you.
You block the stone arrow.
You hit the gargoyle.
The gargoyle is lightly damaged.
The gargoyle hurls a stone arrow at you.
The stone arrow hits you!!
* * * LOW HITPOINT WARNING * * *
You barely miss the gargoyle.
The gargoyle is lightly damaged.
You block the gargoyle's attack.
You slash the gargoyle!
The gargoyle is severely damaged.
You block the gargoyle's attack.
You hit the gargoyle. You tail-slap the gargoyle.
The gargoyle is severely damaged.
The gargoyle hits you with a +0 dire flail!
You die...

.#...#.....#.........
.....#
.#..†#.....#.#...#..
......
....................
......
######..........####+####
######
#.......8.......>..# #...
#..................# #...
#..................# #...
#.....#.......#######
#...
#######..##@>.#.....#
#... #..##9..#.##..# #...
#.......#.##..### #...
#.......#.###...#####'
#.......#.#E#...#E#...
#.......#.###...###...
#.......#.............
#####...#....._.......
#...#.............


You could see a gargoyle.

Vanquished Creatures
  A hydra (D:8)
  Pikel (D:6)
  Maggie (D:6)
  4 orc warriors
  A sky beast (D:9)
  2 ice beasts
  A black bear (D:8)
  Purgy (Sewer)
  7 ogres
  4 centaurs
  2 big kobolds
  4 lemures (D:6)
  7 bullfrogs
  2 wyvern zombies (D:9)
  6 scorpions
  6 wights
  4 bullfrog zombies
  A jelly (D:7)
  4 orc wizards
  5 orc priests
  A bullfrog skeleton (D:3)
  3 hounds
  Jessica (D:2)
  7 iguanas
  Natasha (twice) (D:4)
  3 worker ants
  3 hound zombies
  2 hound skeletons
  2 mummies (D:9)
  3 worker ant zombies
  7 adders
  2 river rats (D:6)
  3 shadow imps
  3 white imps
  3 ufetubi
  An ooze (D:2)
  A worm (D:3)
  2 dart slugs
  2 leopard geckos
  23 orcs
  5 giant cockroaches
  6 goblins
  9 hobgoblins
  6 jackals
  18 kobolds
  2 quokkas
  3 ball pythons
  10 bats
  3 frilled lizards
  A jackal skeleton (D:6)
  2 leopard gecko skeletons (D:5)
  2 quokka zombies
  13 rats
218 creatures vanquished.

Vanquished Creatures (others)
  6 fungi (D:8)
  3 plants (D:8)
  5 withered plants
14 creatures vanquished.

Grand Total: 232 creatures vanquished

Notes
Turn   | Place    | Note
-------+----------+-------------------------------------------
     0 | D:1      | jlumianski the Palentonga Fighter began the quest for the
                  | Orb.
     0 | D:1      | Reached XP level 1. HP: 20/20 MP: 1/1
   278 | D:1      | Reached XP level 2. HP: 27/27 MP: 2/2
  1334 | D:2      | Found a runed translucent door.
  1335 | D:2      | Noticed Crazy Yiuf
  1442 | D:2      | Reached XP level 3. HP: 33/33 MP: 3/3
  1445 | D:2      | Noticed Jessica
  1453 | D:2      | Killed Jessica
  1454 | D:2      | Reached skill level 3 in Axes
  1754 | D:2      | Reached XP level 4. HP: 37/40 MP: 4/4
  2200 | D:3      | Found a sacrificial altar of Ru.
  2229 | D:3      | Reached XP level 5. HP: 48/49 MP: 5/5
  2582 | D:3      | Reached skill level 4 in Axes
  2627 | D:4      | Noticed an ogre
  2653 | D:2      | Killed an ogre
  2833 | D:4      | Reached XP level 6. HP: 55/55 MP: 6/6
  2976 | D:4      | Noticed Natasha
  2981 | D:4      | Reached skill level 5 in Axes
  2983 | D:4      | Killed Natasha
  3328 | D:4      | Noticed Natasha
  3334 | D:4      | Killed Natasha
  3426 | D:4      | Gained mutation: You curl defensively after being hit.
                  | [Palentonga growth]
  3426 | D:4      | Reached XP level 7. HP: 63/63 MP: 7/7
  3445 | D:4      | Noticed Natasha
  3463 | D:4      | Reached skill level 1 in Dodging
  3586 | D:5      | Entered Level 5 of the Dungeon
  3749 | D:5      | Reached skill level 6 in Axes
  4004 | D:5      | Found a snail-covered altar of Cheibriados.
  4099 | D:5      | Found an ancient bone altar of Kikubaaqudgha.
  4713 | D:5      | Reached XP level 8. HP: 67/71 MP: 8/8
  4725 | D:6      | Found a glowing silver altar of Zin.
  4733 | D:6      | Found a glowing drain.
  4750 | D:6      | Reached skill level 7 in Axes
  4783 | Sewer    | Entered a sewer
  4911 | Sewer    | Noticed Purgy
  4916 | Sewer    | Killed Purgy
  4917 | Sewer    | Reached skill level 5 in Fighting
  5075 | D:6      | Reached skill level 1 in Throwing
  5335 | D:6      | Found an iron altar of Okawaru.
  5339 | D:6      | Noticed Pikel
  5351 | D:6      | Killed Pikel
  5352 | D:6      | Reached skill level 8 in Axes
  5352 | D:6      | Reached XP level 9. HP: 36/79 MP: 9/9
  5366 | D:6      | Became a worshipper of Warmaster Okawaru
  5647 | D:6      | Found Akkyl's Antique Armour Boutique.
  5656 | D:6      | Bought a glowing scale mail for 196 gold pieces
  5689 | D:6      | Noticed Maggie
  5698 | D:6      | Killed Maggie
  5793 | D:6      | Found a staircase to the Ecumenical Temple.
  5989 | D:7      | Reached skill level 9 in Axes
  6046 | D:7      | Found a hide-covered altar of Uskayaw.
  6142 | D:7      | Found Kiutoli's Antique Armour Shop.
  6148 | D:7      | Bought a pair of gloves for 99 gold pieces
  6189 | D:7      | Found a runed translucent gate.
  6190 | D:7      | Found a runed translucent gate.
  6190 | D:7      | Identified the +6 dagger of Xuagoihe {drain, +Blink +Fly}
  6191 | D:7      | Found a runed translucent gate.
  6191 | D:7      | Noticed Zdeegee's ghost (novice OpEE)
  6192 | D:7      | Noticed a kobold demonologist
  6308 | D:7      | Reached * piety under Okawaru
  6651 | D:8      | Reached skill level 5 in Armour
  6738 | D:8      | Noticed an eight-headed hydra
  6768 | D:8      | Killed an eight-headed hydra
  6768 | D:8      | Reached ** piety under Okawaru
  6769 | D:8      | Reached skill level 10 in Axes
  6769 | D:8      | Reached XP level 10. HP: 21/89 MP: 7/10
  6771 | D:8      | Reached skill level 1 in Maces & Flails
  7496 | D:8      | Reached *** piety under Okawaru
  7518 | D:8      | Found an opulent altar of Gozag.
  7562 | D:8      | Found a staircase to the Lair.
  7858 | D:9      | Reached skill level 5 in Shields
  7898 | D:9      | Found a stormy altar of Qazlal.
  7979 | D:9      | Found a glowing golden altar of the Shining One.
  7981 | D:9      | Noticed an angel
  8049 | D:9      | Found a blossoming altar of Fedhas.
  8288 | D:9      | Found a basalt altar of Yredelemnul.
  8291 | D:9      | Noticed a profane servitor
  8583 | D:10     | Entered Level 10 of the Dungeon
  8583 | D:10     | Noticed a gargoyle
  8598 | D:9      | Slain by a gargoyle

Illustrated notes

Levels and vault maps discovered:
D:1:      amcnicky_arrival_blooded_trapdoor, layout_basic
D:2:      layout_basic, uniq_crazy_yiuf_cottage, uniq_jessica
D:3:      layout_basic, overflow_temple_1_default
D:4:      layout_gridville, serial_bayou_lake_a, uniq_blork_the_orc,
          uniq_natasha
D:5:      layout_rooms, overflow_temple_1_default, kiku_gazebo_garden_becter,
          skrybe_limestone_x, lemuel_another_geyser
D:6:      layout_rooms, okawaru_gym_becter, zin_treasury,
          minmay_temple_entry_ruins, portal_sewer_entry_c, serial_shops, shop,
          uniq_maggie, uniq_pikel
D:7:      layout_rooms, basic_altar, gammafunk_ghost_nasty_kobolds,
          serial_shops, kennysheep_little_box
D:8:      layout_basic, nicolae_gozag_seed_capital,
          grunt_lair_entry_orc_guard_hut
D:9:      layout_stronghold, grunt_temple_overflow_holy_war, kennysheep_mini,
          nicolae_qazlal_style_of_elements, serial_undead, serial_undead_c,
          serial_undead_d, serial_undead_a, serial_undead_f
D:10:     layout_big_octagon, uniq_harold

Skill      XL: |  1  2  3  4  5  6  7  8  9 10 |
---------------+-------------------------------+-----
Axes           | 3 4 5 6 8 10 | 10.6
Armour         | 3 4 5 |  5.4
Shields        | 3 4 5 |  5.2
Fighting       | 4 5 6 7 |  7.5
Dodging        | 1 2 |  2.5
Throwing       | 1 |  1.9
Maces & Flails | 1 |  1.2
Stealth        | |  0.6
Evocations     | |  0.1

Action                   |  1- 3 |  4- 6 |  7- 9 | 10-12 || total
-------------------------+-------+-------+-------+-------++-------
Melee: War axe           |    73 |    85 |   226 |   126 ||   510
       Tailslap          |     5 |    11 |    30 |    12 ||    58
       Whip              |       |       |    11 |       ||    11
Throw: Stone             |       |     7 |       |       ||     7
       Boomerang         |       |     1 |    21 |     3 ||    25
Invok: Heroism           |       |       |     1 |       ||     1
 Abil: Rolling Charge    |    15 |    22 |    32 |    16 ||    85
Evoke: Wand              |       |       |     1 |       ||     1
  Use: Scroll            |     1 |     3 |     6 |     1 ||    11
       Potion            |     2 |     2 |     4 |       ||     8
Armor: Scale mail        |    33 |    30 |    92 |    26 ||   181
Dodge: Dodged            |     6 |    17 |    74 |    36 ||   133
Block: Kite shield       |    36 |    32 |    99 |    53 ||   220
